 Dungeon Crawl Stone Soup version 0.17-a0-1368-g6ab37f2 (webtiles) character file.

261 Kidiri the Sneak (level 5, 0/24 HPs)
             Began as a Spriggan Enchanter on June 12, 2015.
             Killed by divine providence
             ... invoked by an orc priest
              (12 damage)
             ... on level 4 of the Dungeon.
             The game lasted 00:12:35 (3120 turns).

Kidiri the Sneak (Spriggan Enchanter)               Turns: 3120, Time: 00:12:36

Health: 0/24       AC:  4    Str:  4    XL:     5   Next: 96%
Magic:  12/12      EV: 20    Int: 16    God:
Gold:   170        SH:  0    Dex: 18    Spells: 5 memorised, 0 levels left

rFire  . . .     SeeInvis +     j - +5 dagger (venom)
rCold  . . .     Clarity  .     b - +1 robe
rNeg   . . .     SustAt   .     (shield restricted)
rPois  .         Gourm    .     (helmet restricted)
rElec  .         Spirit   .     r - +0 cloak
rCorr  .         Warding  .     (gloves unavailable)
rMut   .         Stasis   .     (boots unavailable)
MR     .....                    m - amulet of regeneration
Stlth  ++++......               (no ring)
                                (no ring)

@: very quick, not resistant to hostile enchantments, stealthy
A: unfitting armour, see invisible, herbivore 3, speed 3, slow metabolism 2
a: no special abilities


You were on level 4 of the Dungeon.
You were not hungry.

You visited 1 branch of the dungeon, and saw 4 of its levels.

You collected 170 gold pieces.

Inventory:

Hand weapons
 a - a +1 dagger
 j - a +5 dagger of venom (weapon)
 q - a +4 quarterstaff of chaos
Armour
 b - a +1 robe (worn)
 r - a +0 cloak (worn)
Jewellery
 k - an uncursed amulet of stasis
 m - an amulet of regeneration (around neck)
Magical devices
 g - a wand of digging (16)
Scrolls
 e - 2 scrolls of remove curse
 l - a scroll of blinking
 p - 2 scrolls of enchant armour {unknown}
Potions
 f - 2 potions of might {unknown}
 i - 3 potions of curing
 n - a potion of brilliance
 o - a potion of heal wounds {unknown}
Books
 c - a book of Maledictions

   Spells                             Type                      Level
   a - Corona                         Hexes                        1
   b - Ensorcelled Hibernation        Hexes/Ice                    2
   c - Confuse                        Hexes                        3
   d - Tukima's Dance                 Hexes                        3
   e - Dazzling Spray                 Conjuration/Hexes            3
Comestibles
 d - 3 bread rations
 h - a slice of pizza


   Skills:
 * Level 2.8 Short Blades
 * Level 4.8 Dodging
 * Level 5.6 Stealth
 * Level 4.4 Spellcasting
 + Level 4.2 Hexes
 + Level 1.3 Ice Magic


You couldn't memorise any spells.
You knew the following spells:

 Your Spells              Type           Power        Failure   Level  Hunger
a - Corona                Hex            ###....      3%          1    None
b - Ensorcelled Hibernat  Hex/Ice        ##....       10%         2    ##.....
c - Confuse               Hex            ###.....     12%         3    ###....
d - Tukima's Dance        Hex            ###.....     12%         3    ###....
e - Dazzling Spray        Conj/Hex       ##......     21%         3    ###....


Dungeon Overview and Level Annotations

Branches:
Dungeon (4/15)
 Temple: D:4-7

Altars:
Makhleb
Yredelemnul


Innate Abilities, Weirdness & Mutations

You are tiny and cannot use many weapons and most armour.
You have supernaturally acute eyesight.
You are a herbivore.
You cover ground extremely quickly.
You need consume almost no food.


Message History

The orc shouts! x2
The orc priest shouts!
The orc shouts!
The orc wizard shouts!
The orc shouts!
The bat skeleton misses you. The orc closely misses you.
The orc priest hits you with a short sword.
The orc wizard hits you but does no damage.
The bat skeleton closely misses you.
You hit the orc priest but do no damage.
The bat skeleton hits you but does no damage. x2
The orc wizard points at you and mumbles some strange words.
The magic dart hits you! The orc misses you.
The orc priest invokes the aid of Beogh against you.
Something smites you! The orc misses you.
You hit the orc priest.
The orc priest is poisoned.
The orc priest is moderately wounded.
The bat skeleton completely misses you. The bat skeleton barely misses you.
The orc wizard hits you with a dagger.
The orc priest mumbles some strange prayers to Beogh against you.
Something smites you!
Ouch! That really hurt!
You die...

#.# #.# #.# ##+#
#.########
##...#######........#
##.....##.........##.#
##....o..#.###..##.##.#
#.....o....###...#.##.##
+...Koo@................
#.....Zoo..###...#.##.##
##.......#............#
##.....##########.####
##...## #.# ## ##+# #.#
#. #.# #. #.# #. #.# ##


You could see an orc priest, an orc wizard, 4 orcs, a kobold and a bat skeleton.

Vanquished Creatures
  A hound (D:4)
  Crazy Yiuf (D:4)
  An orc priest (D:3)
  A worker ant (D:3)
  7 adders
  3 worms
  A giant gecko (D:4)
  4 orcs (D:3)
  6 bats
  5 giant cockroaches
  4 goblins
  10 hobgoblins
  8 jackals
  2 quokkas
  A ball python (D:2)
  5 giant newts
  2 gnoll zombies (D:3)
  9 kobolds
  6 rats
  2 fungi (D:4)
79 creatures vanquished.

Notes
Turn   | Place    | Note
--------------------------------------------------------------
     0 | D:1      | Kidiri the Spriggan Enchanter began the quest for the Orb.
     0 | D:1      | Reached XP level 1. HP: 9/9 MP: 5/5
   294 | D:1      | Reached XP level 2. HP: 7/13 MP: 4/6
   306 | D:1      | Learned a level 2 spell: Ensorcelled Hibernation
  1323 | D:2      | Reached XP level 3. HP: 16/16 MP: 8/8
  1328 | D:2      | Learned a level 3 spell: Confuse
  1672 | D:2      | Reached XP level 4. HP: 21/21 MP: 2/10
  1682 | D:2      | Learned a level 3 spell: Tukima's Dance
  1886 | D:2      | Reached skill level 5 in Stealth
  2146 | D:3      | Reached skill level 1 in Ice Magic
  2146 | D:3      | Reached XP level 5. HP: 10/24 MP: 9/12
  2151 | D:3      | Learned a level 3 spell: Dazzling Spray
  2562 | D:3      | Found a basalt altar of Yredelemnul.
  2789 | D:4      | Found a burning altar of Makhleb.
  2867 | D:4      | Noticed Crazy Yiuf
  2872 | D:4      | Killed Crazy Yiuf
  3120 | D:4      | Killed from afar by an orc priest

Vault maps used:
D:1:      minmay_arrival_widening_spiral_wide, minmay_misc_feat_columns
D:3:      lemuel_zombie_altar_yredelemnul, first_bread
D:4:      old_standard_altar, serial_shops, kennysheep_little_box,
          uniq_crazy_yiuf_cottage

Action                   |  1- 3 |  4- 6 || total
-------------------------+-------+-------++-------
Melee: Dagger            |    83 |   102 ||   185
 Cast: Corona            |     8 |       ||     8
       Ensorcelled Hiber |    13 |     4 ||    17
  Use: Scroll            |     9 |     4 ||    13
 Stab: Sleeping          |    19 |    15 ||    34
       Distracted        |       |     2 ||     2
  Eat: Pizza             |       |     1 ||     1
